 Dungeon Crawl Stone Soup version 0.27-a0-1217-g8a41f320e8 (webtiles) character file.

Game seed: 4532754045932664837

49 quinnr the Magician (level 4, -1/31 HPs)
             Began as a Djinni Air Elementalist on June 5, 2021.
             Slain by an orc priest
             ... wielding a +0 trident
              (4 damage)
             ... on level 3 of the Dungeon.
             The game lasted 00:05:45 (2367 turns).

quinnr the Magician (Djinni Air Elementalist)       Turns: 2367, Time: 00:05:46

Health: -1/31      AC:  2    Str:  7    XL:     4   Next: 2%
Gold:   108        EV: 12    Int: 18    God:
                   SH:  0    Dex: 13

rFire    + + .     SeeInvis .   h - +2 dagger (vamp)
rCold    x . .     Faith    .   (no shield)
rNeg     . . .     Spirit   .   a - +0 robe
rPois    ∞         Reflect  .   (no helmet)
rElec    .         Harm     .   (no cloak)
rCorr    .         Rampage  .   (no gloves)
Will     .....                  (boots unavailable)
Stlth    ++........             (no amulet)
HPRegen  0.10/turn              (no ring)
MPRegen  0.00/turn              (no ring)

@: flying, very slightly contaminated
A: sickness immunity, fire resistance 2, cold vulnerability 1, float, innate
caster, hp casting, extra vitality 1
a: no special abilities


You were on level 3 of the Dungeon.
You visited 1 branch of the dungeon, and saw 3 of its levels.

You collected 108 gold pieces.

Inventory:

Hand Weapons
 c - a +0 hunting sling
 h - a +2 vampiric dagger (weapon)
Missiles
 b - 23 sling bullets
Armour
 a - a +0 robe (worn)
Scrolls
 d - a scroll of blinking {unknown}
 f - a scroll of torment {unknown}
 i - a scroll of teleportation {unknown}
Potions
 e - a potion of haste {unknown}
 g - a potion of curing {unknown}
 j - a potion of resistance {unknown}
 k - a potion of lignification {unknown}


   Skills:
 - Level 2.1 Dodging
 - Level 1.5 Stealth
 + Level 3.6 Spellcasting


You couldn't memorise any spells.
You knew the following spells:

 Your Spells              Type           Power      Damage    Failure   Level
a - Shock                 Conj/Air       64%        1d7       3%          1
b - Static Discharge      Conj/Air       16%        N/A       5%          2
c - Swiftness             Air            16%        N/A       11%         3
d - Airstrike             Air            8%         N/A       34%         4
e - Lightning Bolt        Conj/Air       8%         1d20      67%         5
f - Animate Skeleton      Necr           32%        N/A       3%          1
Your spell library was empty.

Dungeon Overview and Level Annotations

Branches:
Dungeon (3/15)

Altars:


Innate Abilities, Weirdness & Mutations

You are immune to sickness and miasma.
You are immune to poison.
Your flesh is very heat resistant. (rF++)
You are vulnerable to cold. (rC-)
You float through the air rather than walking.
You learn spells naturally, not from books.
Your magical power is your life essence.
You have superior vitality. (+4 HP)


Message History

You start resting.
An orc priest is nearby!
Aiming: Shock (safe; 3% risk of failure)
Press: ? - help, Q - select action, (/) - cycle Shift-Dir - straight line, f - orc priest
Aim: an orc priest, wielding a +0 trident and wearing a +0 leather armour (wandering, hasn't noticed you, 71% to hit)
You miscast Shock.
You are very lightly contaminated with residual magic.
Nothing appears to happen.
The orc priest shouts!
You hear a shout! x2
The orc priest miscasts a cantrip.
You hear a shout!
Aiming: Shock (safe; 3% risk of failure)
Press: ? - help, Q - select action, (/) - cycle Shift-Dir - straight line, f/p - orc priest
Aim: an orc priest, wielding a +0 trident and wearing a +0 leather armour (71% to hit)
The zap hits the orc priest.
The orc priest is lightly wounded.
Aiming: Shock (safe; 3% risk of failure)
Press: ? - help, Q - select action, (/) - cycle Shift-Dir - straight line, f/p - orc priest
Aim: an orc priest, wielding a +0 trident and wearing a +0 leather armour (lightly wounded, 71% to hit)
The zap hits the orc priest!
The orc priest is heavily wounded.
The orc priest hits you from afar with a +0 trident!
Aiming: Shock (safe; 3% risk of failure)
Press: ? - help, Q - select action, (/) - cycle Shift-Dir - straight line, f/p - orc priest
Aim: an orc priest, wielding a +0 trident and wearing a +0 leather armour (heavily wounded, 71% to hit)
The zap hits the orc priest.
The orc priest is almost dead.
The orc priest calls down the wrath of Beogh upon you.
Pain shoots through your body!
* * * LOW HITPOINT WARNING * * *
Aiming: Shock (safe; 3% risk of failure)
Press: ? - help, Q - select action, (/) - cycle Shift-Dir - straight line, f/p - orc priest
Aim: an orc priest, wielding a +0 trident and wearing a +0 leather armour (almost dead, 71% to hit)
The zap hits the orc priest.
The orc priest is almost dead.
You feel a bit more experienced.
* * * LOW HITPOINT WARNING * * *
The orc priest hits you from afar with a +0 trident.
You die...

#(#####.####
...........#
###.####o##.#
......#.##.#
#.......##.#
#...#.#.##.#
#...#...##.#
#<.o###.##.#
##...@).)..#
#.......##.####
....<..#.##.#
..######..#.# .
##.#.# .#.#
>#.# ...#


You could see an orc priest.

Vanquished Creatures
  An adder (D:2)
  A worm (D:2)
  A dart slug (D:2)
  2 orcs (D:3)
  2 bats (D:2)
  4 endoplasms
  A giant cockroach (D:2)
  4 goblins
  3 hobgoblins
  A kobold (D:2)
  3 quokkas
  3 ball pythons
  3 frilled lizards
  3 rats (D:1)
32 creatures vanquished.

Notes
Turn   | Place    | Note
-------+----------+-------------------------------------------
     0 | D:1      | quinnr the Djinni Air Elementalist began the quest for the
                  | Orb.
     0 | D:1      | Reached XP level 1. HP: 15/15 MP: 0/0
   434 | D:1      | Reached XP level 2. HP: 14/21 MP: 0/0
   659 | D:1      | quinnr: ??bolt bouncing
   659 | D:1      | beem: bolt bouncing[1/4]: You can watch an amazing,
                  | narrated demonstration on {FooTV} with the following
                  | command: !lg Mayhem 686 -tv:<2 Note: weaker in 0.6+.>
                  | ERROR: string above had unterminated tag
   659 | D:1      | quinnr: ??bolt bouncing[2
   659 | D:1      | beem: bolt bouncing[2/4]: For a dramatic demonstration: !lg
                  | Ahrin KoCK place=zot:1 -tv
   659 | D:1      | quinnr: ??bolt bouncing[3
   659 | D:1      | beem: trizap[1/2]: aye, you gotta bounce those bolts,
                  | trizap the fool, or you end up dead like a dolt, with your
                  | blood in a pool
   659 | D:1      | quinnr: ??bolt bouncing[4
   659 | D:1      | beem: bolt bouncing[4/4]: More bouncing hilarity: !lg nht
                  | NaAs 1 place=tomb -tv
   801 | D:1      | Reached skill level 3 in Spellcasting
  1183 | D:2      | quinnr: ??encumbrance
  1183 | D:2      | beem: encumbrance rating[1/2]: A number representing how
                  | much armour hampers your spellcasting, dodging, and melee
                  | accuracy.
  1183 | D:2      | quinnr: ??encumbranc2
  1183 | D:2      | beem: encumbranc2 ~ encumbrance ~ encumbrance rating[1/2]:
                  | A number representing how much armour hampers your
                  | spellcasting, dodging, and melee accuracy.
  1183 | D:2      | Reached XP level 3. HP: 23/25 MP: 0/0
  1183 | D:2      | Learned a level 1 spell: Animate Skeleton
  1721 | D:2      | Found a faded altar of an unknown god.
  2291 | D:3      | Reached XP level 4. HP: 22/31 MP: 0/0
  2367 | D:3      | Slain by an orc priest

Illustrated notes

Levels and vault maps discovered:
D:1:      eino_arrival_druids_welcome, layout_rooms
D:2:      layout_loops_ring, chequers_ecumenical_altar_grove
D:3:      layout_basic, lemuel_doored_altar

Skill      XL: |  1  2 |
---------------+-------+-----
Spellcasting   | 3 |  3.6
Dodging        | |  2.1
Stealth        | |  1.5

Action                   |  1- 3 |  4- 6 || total
-------------------------+-------+-------++-------
 Cast: Shock             |    77 |     4 ||    81
       Animate Skeleton  |     2 |       ||     2
       Static Discharge  |     1 |       ||     1
Armor: Robe              |     4 |       ||     4
Dodge: Dodged            |    15 |       ||    15

Table legend: (Time is in decaauts)
 A = Elapsed time spent in this place.
 B = Non-inter-level travel time spent in this place.
 C = Inter-level travel time spent in this place.
 D = Time resting spent in this place.
 E = Time spent auto-exploring this place.
 F = Levels seen in this place.
 G = Mean time per level.
                   A        B        C        D        E       F      G
               +--------+--------+--------+--------+--------+-----+--------+
         Total |   2367 |   2334 |     33 |    675 |   1477 |   3 |  789.0 |
       Dungeon |   2367 |   2334 |     33 |    675 |   1477 |   3 |  789.0 |
               +--------+--------+--------+--------+--------+-----+--------+

Top non-repeatable levels by time:
     D:2: 1297 daAuts
     D:1: 955 daAuts
     D:3: 114 daAuts
